 Dungeon Crawl Stone Soup version 0.30-a0-534-gdc55766716 (webtiles) character file.

Game seed: 2202481166380077270

2725 wormed the Cudgeller (level 9, -3/118 HPs)
             Began as an Armataur Berserker on Dec 25, 2022.
             Was a High Priest of Trog.
             Slain by an orc warrior
             ... wielding a +0 war axe
              (18 damage)
             ... in a bailey.
             The game lasted 00:09:42 (5913 turns).

wormed the Cudgeller (Armataur Berserker)           Turns: 5913, Time: 00:09:43

Health: -3/118     AC: 15    Str: 27    XL:     9   Next: 40%
Magic:  9/9        EV:  6    Int:  8    God:    Trog [*****.]
Gold:   461        SH:  5    Dex:  9    Spells: 8/8 levels left

rFire   + . .      SeeInvis .    x - +2 whip (elec)
rCold   . . .      Faith    +    i - +0 buckler
rNeg    . . .      Spirit   .    h - +0 plate armour
rPois   .          Reflect  .    (no helmet)
rElec   .          Harm     .    b - +2 cloak
rCorr   .          Roll     +    d - +0 pair of gloves
Will    ++...                    (no barding) Stlth
                                 s - amulet of faith
HPRegen 1.39/turn                w - +4 ring of slaying
MPRegen 0.11/turn                M - ring of protection from fire

@: berserking, strong-willed, regenerating, very quick
A: large, rugged brown scales 3, deformed body, armoured tail, roll, long
tongue, awkward tongue
a: Renounce Religion, Berserk, Trog's Hand, Brothers in Arms


You were in a bailey.
You worshipped Trog.
Trog was extremely pleased with you.
You visited 1 branch of the dungeon, and saw 7 of its levels.
You also visited: Sewer and Bailey.

You collected 461 gold pieces.

Inventory:

Hand Weapons
 a - a +0 mace
 x - a +2 whip of electrocution (weapon)
Missiles
 j - 3 javelins (quivered)
 y - 27 poisoned darts
 z - 2 atropa-tipped darts
 C - 6 curare-tipped darts
Armour
 b - a +2 cloak (worn)
 d - a +0 pair of gloves (worn)
 h - a +0 plate armour (worn)
 i - a +0 buckler (worn)
Jewellery
 s - an amulet of faith (around neck)
 t - a ring of positive energy
 v - a +6 ring of dexterity
 w - a +4 ring of slaying (left hand)
 A - an amulet of reflection
 E - a ring of magical power
 M - a ring of protection from fire (right hand)
Wands
 o - a wand of quicksilver (5)
 J - a wand of flame (11)
Scrolls
 e - a scroll of vulnerability {unknown}
 f - a scroll of butterflies {unknown}
 g - 5 scrolls of teleportation {unknown}
 k - 4 scrolls of poison
 n - 3 scrolls of amnesia {unknown}
 r - 4 scrolls of enchant weapon {unknown}
 D - 2 scrolls of fog {unknown}
 I - 3 scrolls of fear {unknown}
 L - 3 scrolls of enchant armour {unknown}
 P - a scroll of immolation {unknown}
 Q - a scroll of torment {unknown}
 S - a scroll of magic mapping {unknown}
Potions
 c - a potion of ambrosia
 l - 5 potions of curing
 m - a potion of lignification
 p - 2 potions of cancellation
 q - a potion of mutation
 u - a potion of haste {unknown}
 B - 4 potions of might {unknown}
 F - a potion of attraction {unknown}
 G - a potion of berserk rage {unknown}
 H - a potion of resistance {unknown}
 K - 2 potions of flight
 N - a potion of heal wounds
 O - a potion of brilliance {unknown}
 R - a potion of experience {unknown}


   Skills:
 + Level 5.5 Fighting
 * Level 7.5 Maces & Flails
 - Level 6.0 Armour
 + Level 4.3 Dodging
 + Level 5.7 Shields


You had 8 spell levels left.
You didn't know any spells.
Your spell library was empty.

Dungeon Overview and Level Annotations

Branches:
Dungeon (7/15)             Temple (0/1) D:4           Sewer (visited)
 Bailey (1/1)

Altars:
Ashenzari
Cheibriados
Elyvilon
Vehumet

Shops:
D:1 (


Innate Abilities, Weirdness & Mutations

You are completely covered in rugged brown scales. (AC +3, +7% HP)
Armour fits poorly on your strangely shaped body.
You have a long armoured tail.
You roll when moving toward enemies. (Rampage)
Your long tongue fully drains potion bottles. (2x potion effects)
Your tongue gives you trouble enunciating. (1.5x scroll delay)


Message History

You closely miss the orc warrior.
The orc warrior is severely wounded.
The orc warrior barely misses you.
You whack the orc warrior!
Lightning courses through the orc warrior!
You kill the orc warrior!
Trog accepts your kill.
You roll towards the orc warlord!
You hit the orc warlord.
The orc warlord is lightly wounded.
The orc warlord hits you with a +4 broad axe!!
The gnoll hits you with a +0 hand axe!
You barely miss the orc warlord.
The orc warlord is lightly wounded.
You hit the orc warlord but do no damage.
The orc warlord is lightly wounded.
The gnoll hits you with a +0 hand axe.
The orc warlord hits you with a +4 broad axe!!
You closely miss the orc warlord.
Your tail-slap misses the orc warlord.
The orc warlord is lightly wounded.
You whack the orc warlord!
The orc warlord is lightly wounded.
You block the orc warrior's attack.
The orc warlord hits you with a +4 broad axe!!
The gnoll hits you with a +0 hand axe.
You whack the orc warrior!
Your tail-slap misses the orc warrior.
The orc warrior is heavily wounded.
You whack the orc warrior!
The orc warrior is severely wounded.
The orc warrior hits you with a +0 war axe.
The orc warlord hits you with a +4 broad axe!!
* * * LOW HITPOINT WARNING * * *
You block the gnoll's attack.
You are too berserk!
You whack the gnoll!
Your tail-slap misses the gnoll.
The gnoll is heavily wounded.
You whack the gnoll!
You kill the gnoll!
Trog accepts your kill.
The orc warrior hits you with a +0 war axe!!
You die...

#...........#..........
#...........#..........
###.).......###.......))
###.#)#.....###.###.....#'
###...))###.###....
###.###.
##.....))..###......
###...
#..........8##o..... #....
#..........8#og..... #...)
#∩....⌠.....@ogg.... #...)
#..........8#)g..... #....
#..........8##...... #....
##.........###......
###... ###.....###.###....
###.###.
###.#)#.....###.###.....#+
###)).......###.........
#...........#..........
#...........#))).......


You could see an orc warlord, an orc warrior (strong), a gnoll, an orc (strong),
2 hobgoblins and a goblin.

Vanquished Creatures
  Maggie (D:6)
  2 ice beasts
  5 orc warriors (Bailey)
  2 ogres
  A centaur (D:6)
  A necrophage (D:7)
  3 kobold brigands
  A bullfrog (D:5)
  4 scorpions
  3 wights (D:7)
  An orc priest (D:6)
  4 hounds
  2 gnoll boudas
  3 iguanas
  3 orc wizards
  22 gnolls
  3 adders (D:2)
  3 river rats (Sewer)
  A shadow imp (D:4)
  4 white imps
  An ufetubus (D:5)
  6 worms
  2 dart slugs (D:1)
  24 orcs
  10 ball pythons
  9 endoplasms
  3 giant cockroaches
  16 goblins
  16 hobgoblins
  11 jackals
  22 kobolds
  3 quokkas
  5 bats
  8 rats
205 creatures vanquished.

Notes
Turn   | Place    | Note
-------+----------+-------------------------------------------
     0 | D:1      | wormed the Armataur Berserker began the quest for the Orb.
     0 | D:1      | Reached XP level 1. HP: 19/19 MP: 1/1
     5 | D:1      | Found Qathrir's Antique Weapon Boutique.
   143 | D:1      | Reached XP level 2. HP: 26/26 MP: 2/2
   196 | D:1      | Reached skill level 3 in Maces & Flails
   276 | D:1      | Reached skill level 1 in Shields
   337 | D:1      | Reached XP level 3. HP: 30/32 MP: 3/3
   376 | D:1      | Reached ** piety under Trog
   745 | D:2      | Noticed a scorpion
   752 | D:2      | Killed a scorpion
   753 | D:2      | Reached XP level 4. HP: 40/40 MP: 4/4
   885 | D:2      | Reached XP level 5. HP: 35/48 MP: 5/5
  1174 | D:3      | Found a broken altar of Ashenzari.
  1330 | D:3      | Found a radiant altar of Vehumet.
  1577 | D:3      | Reached skill level 4 in Maces & Flails
  2020 | D:3      | Reached XP level 6. HP: 54/54 MP: 6/6
  2455 | D:4      | Reached *** piety under Trog
  2631 | D:4      | Found a staircase to the Ecumenical Temple.
  2975 | D:5      | Entered Level 5 of the Dungeon
  3128 | D:5      | Noticed an ice beast
  3138 | D:5      | Killed an ice beast
  3139 | D:5      | Reached XP level 7. HP: 62/62 MP: 7/7
  3217 | D:5      | Reached skill level 5 in Maces & Flails
  3675 | D:6      | Found a glowing drain.
  3698 | Sewer    | Entered a sewer
  3702 | Sewer    | Reached **** piety under Trog
  3754 | Sewer    | Reached XP level 8. HP: 71/71 MP: 8/8
  3757 | Sewer    | Reached skill level 5 in Armour
  3928 | Sewer    | Found a white marble altar of Elyvilon.
  4137 | D:6      | Noticed Maggie
  4146 | D:6      | Killed Maggie
  4147 | D:6      | Reached skill level 6 in Maces & Flails
  4434 | D:6      | Found a white marble altar of Elyvilon.
  4672 | D:7      | Reached skill level 5 in Fighting
  4683 | D:7      | Reached ***** piety under Trog
  4753 | D:7      | Reached skill level 5 in Shields
  4939 | D:7      | Found a flagged portal.
  4991 | D:7      | Found a snail-covered altar of Cheibriados.
  5024 | D:7      | Reached XP level 9. HP: 77/79 MP: 9/9
  5194 | D:7      | Reached skill level 7 in Maces & Flails
  5295 | Bailey   | Entered a bailey
  5893 | Bailey   | Noticed an orc warlord
  5913 | Bailey   | Slain by an orc warrior

Illustrated notes

Levels and vault maps discovered:
D:1:      eino_arrival_druids_welcome, layout_rooms, serial_shops,
          nicolae_shop_statue_plus
D:2:      layout_rooms, chequers_serial_rivers_micro_b
D:3:      layout_basic, old_standard_altar, lemuel_doored_altar,
          interstate_on_off
D:4:      layout_loops_ring, nicolae_overflow_hidden_temple,
          minmay_temple_entry_mini_moons, hangedman_decor_diamond_cutter
D:5:      layout_loops_cross
D:6:      layout_rooms, mainiacjoe_overflow_alcove_4,
          cheibrodos_sewer_entry_sluice, uniq_maggie
D:7:      layout_cave_pools, cheibriados_altar_1, enter_bailey_5
Bailey:   bailey_axe_minmay_hex_keep, bailey

Skill      XL: |  1  2  3  4  5  6  7  8  9 |
---------------+----------------------------+-----
Maces & Flails | 3 4 5 6 7 |  7.5
Shields        | 1 2 3 5 |  5.7
Fighting       | 3 4 5 |  5.5
Armour         | 3 4 6 |  6.0
Dodging        | 2 3 4 |  4.3

Action                   |  1- 3 |  4- 6 |  7- 9 || total
-------------------------+-------+-------+-------++-------
Melee: Mace              |    96 |   119 |       ||   215
       Tailslap          |    15 |    22 |    45 ||    82
       Whip              |       |    39 |   294 ||   333
Invok: Berserk           |     1 |     2 |     5 ||     8
       Trog's Hand       |       |       |     1 ||     1
  Use: Scroll            |       |       |     5 ||     5
       Potion            |       |       |     1 ||     1
Armor: Animal skin       |     2 |       |       ||     2
       Ring mail         |    19 |       |       ||    19
       Plate armour      |    38 |   114 |   118 ||   270
Dodge: Dodged            |    32 |    33 |    47 ||   112
Block: Buckler           |     7 |    30 |    54 ||    91

Table legend: (Time is in decaauts)
 A = Elapsed time spent in this place.
 B = Non-inter-level travel time spent in this place.
 C = Inter-level travel time spent in this place.
 D = Time resting spent in this place.
 E = Time spent auto-exploring this place.
 F = Levels seen in this place.
 G = Mean time per level.
                   A        B        C        D        E       F      G
               +--------+--------+--------+--------+--------+-----+--------+
         Total |   5958 |   5798 |    160 |    408 |   4233 |   9 |  662.0 |
       Dungeon |   5009 |   4849 |    160 |     61 |   3819 |   7 |  715.6 |
         Sewer |    337 |    337 |      0 |    153 |    113 |   1 |  337.0 |
        Bailey |    611 |    611 |      0 |    193 |    301 |   1 |  611.0 |
               +--------+--------+--------+--------+--------+-----+--------+

Top non-repeatable levels by time:
     D:3: 1095 daAuts
     D:4: 734 daAuts
     D:6: 707 daAuts
     D:2: 666 daAuts
     D:7: 651 daAuts
     D:5: 611 daAuts
  Bailey: 611 daAuts
     D:1: 542 daAuts
   Sewer: 337 daAuts
